 Dungeon Crawl Stone Soup version 0.30.0-10-gfe55d96785 (webtiles) character file.

Game seed: 17194094233758059116

934 browni3141 the Digger (level 8, -1/56 HPs)
             Began as a Barachi Earth Elementalist on May 13, 2023.
             Was a Follower of Cheibriados.
             Slain by an orc wizard
             ... wielding a +0 dagger
              (4 damage)
             ... on level 5 of the Dungeon.
             The game lasted 00:08:00 (4730 turns).

browni3141 the Digger (Barachi Earth Elementalist)  Turns: 4730, Time: 00:08:01

Health: -1/56      AC:  3    Str: 12    XL:     8   Next: 11%
Magic:  5/12       EV: 14    Int: 20    God:    Cheibriados [*.....]
Gold:   219        SH:  0    Dex: 17    Spells: 3/13 levels left

rFire   . . .        Y - +0 rapier
rCold   . . .        (no shield)
rNeg    . . .        a - +0 robe
rPois   .            (no helmet)
rElec   .            U - +0 cloak
rCorr   .            (no gloves)
SInv    .            (no boots)
Will    .....        (no amulet)
Stlth   ++           (no ring)
HPRegen 0.29/turn    (no ring)
MPRegen 0.13/turn

%: no passive effects
@: very slow
A: amphibious, slowness 1, strong legs 1, +LOS
a: Hop, Renounce Religion, Bend Time


You were on level 5 of the Dungeon.
You worshipped Cheibriados.
Cheibriados was aware of your devotion.
You visited 2 branches of the dungeon, and saw 6 of its levels.

You collected 219 gold pieces.

Inventory:

Hand Weapons
 K - a +0 dagger
 Y - a +0 rapier (weapon)
Missiles
 J - 10 poisoned darts
 X - a curare-tipped dart
Armour
 a - a +0 robe (worn)
 I - a +0 pair of gloves
 U - a +0 cloak (worn)
 Z - a +2 robe of the Archmagi
Wands
 p - a wand of polymorph (13)
 Q - a wand of roots (9)
Scrolls
 o - 3 scrolls of teleportation {unknown}
 r - a scroll of identify
 M - a scroll of poison {unknown}
 N - a scroll of magic mapping {unknown}
 P - a scroll of acquirement {unknown}
 V - a scroll of immolation {unknown}
 W - 3 scrolls of fog {unknown}
Potions
 h - 3 potions of haste
 m - a potion of magic
 n - 2 potions of mutation
 C - 2 potions of curing
 H - 2 potions of heal wounds
 L - a potion of degeneration {unknown}
 R - a potion of brilliance {unknown}
 T - a potion of resistance {unknown}


   Skills:
 - Level 2.0 Fighting
 - Level 3.0 Armour
 - Level 4.0 Dodging
 - Level 2.0 Stealth
 - Level 3.0 Spellcasting
 - Level 2.0 Transmutations
 * Level 7.9 Earth Magic


You had 3 spell levels left.
You knew the following spells:

 Your Spells              Type           Power      Damage    Failure   Level
a - Sandblast             Erth           68%        2d15      1%          1
b - Stone Arrow           Conj/Erth      36%        3d9       9%          3
c - Petrify               Tmut/Erth      22%        N/A       19%         4
P - Passwall              Tmut/Erth      18%        N/A       2%          2

Your spell library contained the following spells:

 Spells                   Type           Power      Damage    Failure   Level
 Foxfire                  Conj/Fire      12%        2x1d4     14%         1
 Tukima's Dance           Hex            3%         N/A       38%         3
 Passage of Golubria      Tloc           3%         N/A       80%         4
 Yara's Violent Unravell  Hex/Tmut       3%         3d4       95%         5
 Fireball                 Conj/Fire      1%         3d3       98%         5
 Plasma Beam              Fire/Air       1%         2x1d12    100%        6
 Starburst                Conj/Fire      1%         6d3       100%        6


Dungeon Overview and Level Annotations

Branches:
Dungeon (5/15)             Temple (1/1) D:4

Altars:
Ashenzari
Cheibriados
Dithmenos
Elyvilon
Fedhas
Makhleb
Nemelex Xobeh
Qazlal
Sif Muna
Vehumet
Wu Jian
Xom
Yredelemnul
Zin
The Shining One

Shops:
D:1 =[

Annotations:
D:4 3 runed translucent doors, SecretSquirrel's ghost, amateur BaHu


Innate Abilities, Weirdness & Mutations

You are amphibious.
You cover ground slowly.
You can hop short distances.
You have an extended range of vision and can be seen from far away.


Message History

You hear a splash.
Your Earth Magic skill increases to level 7!
You have reached level 8!
You feel agile.
Aiming: Fastroot
Press: ? - help, Shift-Dir - straight line, f - orc wizard, p - jackal
Aim: an orc wizard, wielding a +0 dagger and wearing a +0 robe The roots erupt in riotous growth!
Roots grab the orc wizard.
Roots grab the jackal.
Roots grab the orc.
You are ready to hop once more.
The grasping roots constrict the jackal!
You kill the jackal!
Cheibriados thoroughly appreciates the change of pace.
The grasping roots constrict the orc wizard!
The grasping roots constrict the orc.
You hear a shout! x2
An orc wizard appears from thin air!
The orc struggles to escape constriction.
The orc wizard struggles to escape constriction.
Aiming: Sandblast (safe; 1% risk of failure)
Press: ? - help, Q - select action, (/) - cycle Shift-Dir - straight line, f/p - orc wizard
Aim: an orc wizard, wielding a +0 dagger and wearing a +0 robe (heavily wounded, constricted by roots, 100% to hit)
The blast of sand hits the orc wizard.
The orc wizard is almost dead.
The grasping roots constrict the orc wizard!
You kill the orc wizard!
Cheibriados appreciates the change of pace.
The grasping roots constrict the orc.
You kill the orc!
Cheibriados thoroughly appreciates the change of pace.
The orc wizard gestures wildly while chanting.
The orc wizard flickers and vanishes!
Deactivating autopickup; reactivate with Ctrl-A.
Aiming: Sandblast (safe; 1% risk of failure)
Press: ? - help, Q - select action, (/) - cycle Shift-Dir - straight line, f - gnoll
Aim: a gnoll, wielding a +0 whip (86% to hit)
Okay, then.
Aiming: Sandblast (safe; 1% risk of failure)
Press: ? - help, Q - select action, (/) - cycle Shift-Dir - straight line, f - gnoll
Aim: a gnoll, wielding a +0 whip (86% to hit)
The blast of sand hits the gnoll.
The gnoll is moderately wounded.
Aiming: Fastroot
Press: ? - help, Shift-Dir - straight line, f/p - gnoll
Aim: a gnoll, wielding a +0 whip (moderately wounded)
The roots erupt in riotous growth!
Roots grab the gnoll.
Roots grab the gnoll bouda.
The grasping roots constrict the gnoll bouda.
The grasping roots constrict the gnoll.
You hear a shout! x2; You hear some strange, mumbled words.
Something tries to affect you, but you resist.
The gnoll struggles to escape constriction.
The gnoll bouda barks out a call to the hunt!
The gnolls pick up the pace!
Aiming: Sandblast (safe; 1% risk of failure)
Press: ? - help, Q - select action, (/) - cycle Shift-Dir - straight line, f - gnoll bouda, p - gnoll
Aim: a gnoll bouda, wielding a +0 whip and wearing a +0 leather armour (moderately wounded, constricted by roots, 100% to hit)
The blast of sand hits the gnoll.
You kill the gnoll!
Cheibriados appreciates the change of pace.
The grasping roots constrict the gnoll bouda.
Something hits you.
* * * LOW HITPOINT WARNING * * *
The gnoll bouda struggles to escape constriction.
Something hits you.
* * * LOW HITPOINT WARNING * * *
Aiming: Sandblast (safe; 1% risk of failure)
Press: ? - help, Q - select action, (/) - cycle Shift-Dir - straight line, f/p - gnoll bouda
Aim: a gnoll bouda, wielding a +0 whip and wearing a +0 leather armour (heavily wounded, constricted by roots, 100% to hit)
The blast of sand hits the gnoll bouda but does no damage.
The gnoll bouda is heavily wounded.
The grasping roots constrict the gnoll bouda!
You kill the gnoll bouda!
Cheibriados thoroughly appreciates the change of pace.
Something hits you but does no damage.
Aiming: Fastroot
Press: ? - help, Shift-Dir - straight line, f - gnoll
Aim: a gnoll, wielding a +0 halberd (covering ground quickly)
The roots erupt in riotous growth!
Roots grab the gnoll.
The grasping roots constrict the gnoll.
You hear a shout!
The gnoll barely misses you.
You hear some strange, mumbled words.
A magic dart appears from out of thin air!
The magic dart hits you!
* * * LOW HITPOINT WARNING * * *
Aiming: Sandblast (safe; 1% risk of failure)
Press: ? - help, Q - select action, (/) - cycle Shift-Dir - straight line, f/p - gnoll
Aim: a gnoll, wielding a +0 halberd (lightly wounded, covering ground quickly, constricted by roots, 100% to hit)
The blast of sand hits the gnoll!
The gnoll is almost dead.
The grasping roots constrict the gnoll!
You kill the gnoll!
Cheibriados thoroughly appreciates the change of pace.
Cheibriados raises the support of your attributes as your movement slows.
Something hits you.
* * * LOW HITPOINT WARNING * * *
Something hits you.
You die...

....#?... # #### #..h....#
####. ..... .>h8.<.#
#~≈~♣.≈~.# .....##
~...~.~≈~ #g...#
...♣.≈#### #.{.##
~~....♣.~##
#g...######..~#..~..
##.8...#.~♣.~~≈~~.≈..
###...#...#{@..~.##...
##.##'##.####))).~.~...
#.....ghg#####).~.~♣~.
##.........#≈~))≈.≈~#
####.#........g###).......
...............# ........
###...#..)..o.............
#####...................
#....................


There were no monsters in sight!

Vanquished Creatures
  Sigmund (D:4)
  Eustachio (D:4)
  An ogre (D:5)
  A kobold brigand (D:5)
  A scorpion (D:5)
  3 hounds
  A gnoll bouda (D:5)
  Jessica (D:3)
  An orc wizard (D:5)
  6 gnolls
  8 adders
  A white imp (D:3)
  An ufetubus (D:4)
  2 worms
  4 dart slugs
  8 orcs
  7 ball pythons
  4 bats
  13 endoplasms
  6 giant cockroaches
  8 goblins
  7 hobgoblins
  6 jackals
  A quokka (D:1)
  7 frilled lizards
  11 kobolds
  6 rats
117 creatures vanquished.

Notes
Turn   | Place    | Note
-------+----------+-------------------------------------------
     0 | D:1      | browni3141 the Barachi Earth Elementalist began the quest
                  | for the Orb.
     0 | D:1      | Reached XP level 1. HP: 13/13 MP: 3/3
    88 | D:1      | Reached XP level 2. HP: 22/22 MP: 0/5
   180 | D:1      | Found Meonn's Antique Armour Shoppe.
   510 | D:1      | Reached XP level 3. HP: 7/27 MP: 1/6
  1049 | D:1      | Found Alloept's Jewellery Boutique.
  1299 | D:2      | Reached skill level 3 in Dodging
  1507 | D:2      | Reached XP level 4. HP: 33/33 MP: 5/7
  1510 | D:2      | Learned a level 2 spell: Passwall
  1514 | D:2      | Learned a level 3 spell: Stone Arrow
  3025 | D:3      | Reached XP level 5. HP: 35/38 MP: 4/9
  3231 | D:3      | Noticed Jessica
  3232 | D:3      | Killed Jessica
  3233 | D:3      | Reached skill level 3 in Spellcasting
  3247 | D:3      | Found a faded altar of an unknown god.
  3515 | D:4      | Noticed Sigmund
  3591 | D:4      | Found a runed translucent gate.
  3591 | D:4      | Found a runed translucent gate.
  3602 | D:4      | Found a runed translucent gate.
  3610 | D:4      | Noticed SecretSquirrel's ghost (amateur BaHu)
  3678 | D:4      | Noticed Eustachio
  3690 | D:4      | Killed Eustachio
  3691 | D:4      | Reached skill level 5 in Earth Magic
  3691 | D:4      | Reached XP level 6. HP: 25/44 MP: 0/10
  4019 | D:4      | Found a staircase to the Ecumenical Temple.
  4084 | Temple   | Entered the Ecumenical Temple
  4143 | Temple   | Became a worshipper of Cheibriados the Contemplative
  4171 | D:4      | Killed Sigmund
  4172 | D:4      | Reached skill level 3 in Armour
  4172 | D:4      | Reached XP level 7. HP: 47/50 MP: 6/11
  4177 | D:4      | Learned a level 4 spell: Petrify
  4469 | D:5      | Entered Level 5 of the Dungeon
  4482 | D:4      | Reached skill level 6 in Earth Magic
  4720 | D:5      | Reached * piety under Cheibriados
  4723 | D:5      | Reached skill level 7 in Earth Magic
  4723 | D:5      | Reached XP level 8. HP: 15/56 MP: 8/12
  4730 | D:5      | Slain by an orc wizard

Illustrated notes

Levels and vault maps discovered:
D:1:      minmay_arrival_four_circles, layout_basic, serial_shops, shop,
          nicolae_shop_tiny_glass
D:2:      layout_loops_corners, minmay_hedge_maze
D:3:      layout_loops_corners, hellmonk_ecumenical_altar_crossroads,
          kennysheep_generic_room_13, uniq_jessica
D:4:      layout_cave_pools, minmay_temple_entry_hall,
          ebering_ghost_rock_garden, uniq_sigmund, uniq_eustachio
D:5:      layout_cave_pools, mainiacjoe_overflow_tiny_flanked, serial_rivers,
          chequers_serial_rivers_small_3, chequers_serial_rivers_small_3,
          chequers_serial_rivers_marsh, chequers_serial_rivers_micro_d,
          chequers_serial_rivers_small_a, grunt_ministairs_13
Temple:   eino_wide_crystal_templ

Skill      XL: |  1  2  3  4  5  6  7 |
---------------+----------------------+-----
Fighting       | 1 2 |  2.0
Stealth        | 2 |  2.0
Dodging        | 3 4 |  4.0
Transmutations | 2 |  2.0
Spellcasting   | 3 |  3.0
Earth Magic    | 5 7 |  7.9
Armour         | 1 3 |  3.0

Action                     |  1- 3 |  4- 6 |  7- 9 || total
---------------------------+-------+-------+-------++-------
  Melee: Unarmed           |    48 |       |       ||    48
         Punch             |     1 |       |       ||     1
         Dagger            |     2 |     1 |       ||     3
         Rapier            |       |    11 |     3 ||    14
   Cast: Sandblast         |    57 |    82 |    38 ||   177
         Stone Arrow       |       |     2 |       ||     2
Ability: Hop               |     1 |     1 |     2 ||     4
  Evoke: Wand              |       |       |     5 ||     5
    Use: Scroll            |       |       |     3 ||     3
         Potion            |       |       |     1 ||     1
   Stab: Sleeping          |     1 |       |       ||     1
 Armour: Robe              |    16 |     7 |    10 ||    33
  Dodge: Dodged            |    70 |    43 |    31 ||   144
